 Dungeon Crawl Stone Soup version 0.20-a0-472-g5c05303 (webtiles) character file.

43 Amnesiac the Vexing (level 3, -1/24 HPs)
             Began as a Mummy Enchanter on Jan 14, 2017.
             Slain by an adder (3 damage)
             ... on level 4 of the Dungeon.
             The game lasted 00:03:26 (1359 turns).

Amnesiac the Vexing (Mummy Enchanter)               Turns: 1359, Time: 00:03:27

Health: -1/24      AC:  2    Str: 11    XL:     3   Next: 37%
Magic:  3/7        EV: 12    Int: 15    God:
Gold:   18         SH:  0    Dex: 12    Spells: 1/8 levels left

rFire  x . .     SeeInvis .     a - +1 dagger
rCold  + . .     Gourm    .     b - +0 robe
rNeg   + + +     Faith    .     (no shield)
rPois  ∞         Spirit   .     (no helmet)
rElec  .         Reflect  .     (no cloak)
rCorr  .         Harm     .     (no gloves)
MR     .....     Rnd*Tele +     (no boots)
Stlth  ++........               (no amulet)
                                (no ring)
                                d - ring of teleportation (curse)

@: no status effects
A: no food or potions, fire vulnerability, cold resistance 1, negative energy
resistance 3, torment resistance, unbreathing
a: no special abilities


You were on level 4 of the Dungeon.
You were not hungry.

You visited 1 branch of the dungeon, and saw 4 of its levels.

You collected 18 gold pieces.

Inventory:

Hand Weapons
 a - a +1 dagger (weapon)
 f - a cursed +0 spear
Missiles
 l - a throwing net (quivered)
Armour
 b - a +0 robe (worn)
 g - a +0 pair of gloves
Jewellery
 d - a cursed ring of teleportation (left hand)
Scrolls
 e - a scroll of amnesia {unknown}
 h - 2 scrolls of remove curse {unknown}
 i - 2 scrolls of identify {unknown}
 j - a scroll of recharging {unknown}
 k - a scroll of magic mapping {unknown}
Books
 c - a book of Maledictions

   Spells                             Type                      Level
   a - Corona                         Hexes                        1
   b - Ensorcelled Hibernation        Hexes/Ice                    2
   c - Confuse                        Hexes                        3
   d - Tukima's Dance                 Hexes                        3
   e - Dazzling Spray                 Conjuration/Hexes            3


   Skills:
 - Level 0.7 Short Blades
 - Level 1.5 Dodging
 - Level 2.4 Stealth
 + Level 3.4 Spellcasting
 * Level 3.7 Hexes


You had one spell level left.
You knew the following spells:

 Your Spells              Type           Power        Failure   Level  Hunger
e - Confuse               Hex            ##......     14%         3    N/A
f - Corona                Hex            ##.....      4%          1    N/A
w - Tukima's Dance        Hex            ##......     14%         3    N/A

Dungeon Overview and Level Annotations

Branches:
Dungeon (4/15)
 Temple: D:4-7

Altars:
Makhleb

Annotations:
D:3 Potsanchik's ghost, amateur TeGl


Innate Abilities, Weirdness & Mutations

You do not eat or drink.
Your flesh is vulnerable to fire.
You are immune to poison.
Your flesh is cold resistant. (rC+)
You are immune to negative energy. (rN+++)
You are immune to unholy pain and torment.
You can survive without breathing.


Message History

You hit the adder.
The adder is heavily wounded.
The adder bites you.
Casting: Corona
Confirm with . or Enter, or press ? or * to list all spells.
Aiming: Corona
Press: ? - help, Shift-Dir - straight line, f - adder
Aim: an adder (heavily wounded, chance to defeat MR: 58%)
The adder struggles to resist.
The adder bites you.
* * * LOW HITPOINT WARNING * * *
Casting: Corona
Confirm with . or Enter, or press ? or * to list all spells.
Aiming: Confuse
Press: ? - help, Shift-Dir - straight line, f/p - adder
Aim: an adder (heavily wounded, chance to defeat MR: 52%)
The adder resists with significant effort.
The adder bites you.
* * * LOW HITPOINT WARNING * * *
The adder bites you.
You die...

#........
#........
###........
#.........#
#..........
#.......#
#..$....#..
#..@.....#
#..S......?
#..........
########...
.. .


You could see an adder.

Vanquished Creatures
  An adder (D:2)
  2 dart slugs
  2 leopard geckos
  2 goblins
  2 hobgoblins (D:2)
  4 jackals
  3 kobolds
  2 quokkas
  4 bats
  A frilled lizard (D:3)
  4 rats
27 creatures vanquished.

Notes
Turn   | Place    | Note
-------+----------+-------------------------------------------
     0 | D:1      | Amnesiac the Mummy Enchanter began the quest for the Orb.
     0 | D:1      | Reached XP level 1. HP: 13/13 MP: 4/4
   138 | D:1      | Reached XP level 2. HP: 16/19 MP: 3/5
   953 | D:2      | Reached XP level 3. HP: 3/24 MP: 5/7
   979 | D:2      | Learned a level 3 spell: Confuse
   993 | D:2      | Learned a level 3 spell: Tukima's Dance
  1295 | D:3      | Found a burning altar of Makhleb.
  1299 | D:3      | Noticed Potsanchik's ghost (amateur TeGl)
  1331 | D:4      | Noticed an ogre
  1359 | D:4      | Slain by an adder

Vault maps used:
D:1:      dpeg_arrival_yet_another_circle
D:2:      nicolae_overflow_hidden_temple
D:3:      old_standard_altar, uniq_jessica
D:4:      evilmike_ruin_ashenzari

Skill      XL: |  1  2 |
---------------+-------+-----
Hexes          | 3 |  3.7
Spellcasting   | 3 |  3.4
Short Blades   | |  0.7
Dodging        | |  1.5
Stealth        | |  2.4

Action                   || total
-------------------------++-------
Melee: Dagger            ||   105
 Cast: Corona            ||    29
       Confuse           ||     2
 Stab: Sleeping          ||     5
Armor: Robe              ||    16
Dodge: Dodged            ||    76
